 Dungeon Crawl Stone Soup version 0.31-a0-149-g3fdcc5976a (webtiles) character file.

Game seed: 12514167912685212372

99 qw the Shooter (level 4, -14/38 HPs)
             Began as a Minotaur Hunter on June 7, 2023.
             Killed from afar by Ijyb (19 damage)
             ... with a bolt of acid
             ... on level 2 of the Dungeon.
             The game lasted 00:00:31 (1059 turns).

qw the Shooter (Minotaur Hunter)                    Turns: 1059, Time: 00:00:32

Health: -14/38     AC: -2    Str: 16    XL:     4   Next: 45%
Magic:  3/3        EV: 11    Int:  6    God:
Gold:   90         SH:  0    Dex: 15    Spells: 3/3 levels left

rFire   . . .        Y - +0 shortbow
rCold   . . .        (shield currently unavailable)
rNeg    . . .        k - +0 ring mail
rPois   .            (helmet restricted)
rElec   .            (no cloak)
rCorr   .            (no gloves)
SInv    .            (no boots)
Will    .....        (no amulet)
Stlth   +            (no ring)
HPRegen 0.26/turn    (no ring)
MPRegen 0.08/turn

%: no passive effects
@: corroded
A: horns 2, retaliatory headbutt
a: no special abilities


You were on level 2 of the Dungeon.
You visited 1 branch of the dungeon, and saw 2 of its levels.

You collected 90 gold pieces.


Innate Abilities, Weirdness & Mutations

You have a pair of horns on your head.
You reflexively headbutt those who attack you in melee.


   Skills:
 + Level 3.2 Fighting
 - Level 6.0 Ranged Weapons
 - Level 1.4 Armour
 - Level 2.1 Dodging
 - Level 0.7 Stealth


You had 3 spell levels left.
You didn't know any spells.
Your spell library was empty.

Inventory:

Hand Weapons
 Y - a +0 shortbow (weapon)
Armour
 k - a +0 ring mail (worn)
Scrolls
 a - a scroll of teleportation {unknown}
 b - a scroll of silence {unknown}
 g - a scroll of identify
Potions
 d - a potion of enlightenment {unknown}
 h - a potion of cancellation {unknown}
 j - a potion of degeneration {unknown}

Dungeon Overview and Level Annotations

Branches:
Dungeon (2/15)

Altars:

Annotations:
D:2 Ijyb


Message History

You shoot an arrow. The arrow closely misses the goblin. x2
The goblin hits you but does no damage.
A goblin comes into view. It is wielding a +0 club.
Ijyb the Twisted Goblin comes into view.
She is wielding a +0 club and carrying a wand of acid (5).
The goblin closely misses you. The goblin hits you with a +0 dagger.
You shoot an arrow. The arrow closely misses the goblin.
The goblin shouts!
Ijyb shouts!
The goblin closely misses you. You furiously retaliate!
You headbutt the goblin. The goblin hits you but does no damage.
You shoot an arrow. The arrow closely misses the goblin.
The arrow hits the goblin.
The goblin is severely wounded.
The goblin closely misses you. x2; You furiously retaliate!
You headbutt the goblin, but do no damage.
You shoot an arrow. The arrow closely misses the goblin.
The arrow hits the goblin!
You kill the goblin!
Ijyb zaps a wand.
The bolt of acid hits the goblin!
The goblin dies!
The bolt of acid hits you!!
Ouch! That really hurt!
The acid corrodes you! The goblin hits you with a +0 dagger.
You shoot an arrow. The arrow closely misses the goblin.
Ijyb zaps a wand.
The bolt of acid misses you. The goblin hits you with a +0 dagger.
You shoot an arrow. The arrow barely misses the goblin.
Ijyb zaps a wand.
The bolt of acid hits you. The acid corrodes you!
The goblin hits you with a +0 dagger. The goblin barely misses you.
You shoot an arrow.
The arrow hits the goblin but does no damage.
The goblin is heavily wounded.
The goblin hits you with a +0 dagger.
You shoot an arrow. The arrow barely misses the goblin.
Ijyb zaps a wand.
The bolt of acid misses you. The goblin barely misses you.
You furiously retaliate!
You headbutt the goblin, but do no damage.
You shoot an arrow. The arrow closely misses the goblin.
Ijyb zaps a wand.
The bolt of acid hits you!!
Ouch! That really hurt!
You die...

#................#...
#....%...............
####.................
#.................
#...............##
#####.............###
#.................####
#...................(.
#....@########........
#....)g.....##........
####.).....[##........
##8g....8##........
#....).[##........
#8.....8##........
#.......#.........
#8....)8#.......%.
#.....)...


You could see Ijyb and a goblin.

Vanquished Creatures
  Terence (D:2)
  An adder (D:2)
  A worm (D:1)
  3 orcs (D:2)
  7 bats
  An endoplasm (D:1)
  5 giant cockroaches (D:1)
  8 goblins
  3 hobgoblins
  6 jackals (D:1)
  2 quokkas (D:1)
  A ball python (D:2)
  5 frilled lizards
  3 kobolds (D:1)
  9 rats
56 creatures vanquished.

Vanquished Creatures (others)
  A goblin (D:2)
1 creature vanquished.

Grand Total: 57 creatures vanquished

Notes
Turn   | Place    | Note
-------+----------+-------------------------------------------
     0 | D:1      | qw the Minotaur Hunter began the quest for the Orb.
     0 | D:1      | Reached XP level 1. HP: 18/18 MP: 0/0
     0 | D:1      | 0 ||| qw: Version: 0.2-a-117-gc6b5c8b
     0 | D:1      | 0 ||| qw: Game counter: 2589
     0 | D:1      | 0 ||| qw: Always use a shield: true
     0 | D:1      | 0 ||| qw: God list: Okawaru
     0 | D:1      | 0 ||| qw: Allow faded altars: false
     0 | D:1      | 0 ||| qw: Do Orc after D:15 true
     0 | D:1      | 0 ||| qw: Do second Lair branch before Depths: true
     0 | D:1      | 0 ||| qw: Lair rune preference: random
     0 | D:1      | 0 ||| qw: Plans: Normal
     0 | D:1      | 0 ||| PLANNING D:1-11
   156 | D:1      | Reached XP level 2. HP: 20/25 MP: 1/1
   187 | D:1      | Reached skill level 5 in Ranged Weapons
   196 | D:1      | Found a faded altar of an unknown god.
   302 | D:1      | Reached skill level 3 in Fighting
   406 | D:1      | Reached XP level 3. HP: 31/31 MP: 2/2
   682 | D:1      | 682 ||| UPGRADING to +0 ring mail.
   692 | D:1      | 692 ||| DROPPING +0 leather armour.
   693 | D:1      | 693 ||| DROPPING ring of flight.
   694 | D:1      | 694 ||| READING scroll labelled MIEGOONORU.
   695 | D:1      | 695 ||| READING 2 scrolls labelled VUVIBOA RUNUHA.
   696 | D:1      | 696 ||| READING 3 scrolls labelled HEVVUH BENIGH.
   697 | D:1      | 697 ||| DROPPING scroll of butterflies.
   698 | D:1      | 698 ||| DROPPING 2 scrolls of fog.
   735 | D:2      | 735 ||| STAIRDANCE
   788 | D:2      | Reached skill level 1 in Armour
   867 | D:2      | Noticed Terence
   873 | D:2      | Killed Terence
   874 | D:2      | Reached XP level 4. HP: 27/38 MP: 3/3
   966 | D:2      | Reached skill level 6 in Ranged Weapons
  1051 | D:2      | Noticed Ijyb
  1056 | D:2      | HP: 9/38 [Ijyb/bolt of acid (6)]
  1057 | D:2      | HP: 4/38 [goblin/+0 dagger (4)]
  1059 | D:2      | Killed from afar by Ijyb

Levels and vault maps discovered:
D:1:      dreamdust_arrival_beginning_and_end, layout_loops_ring,
          hellmonk_ecumenical_altar_lost_god, hangedman_decor_lopped,
          minmay_door_square, minmay_tree_intersection
D:2:      kennysheep_the_goblin_king, layout_basic, guppyfry_early_orc_mine,
          uniq_natasha, uniq_terence

Skill      XL: |  1  2  3  4 |
---------------+-------------+-----
Ranged Weapons | 5 6 |  6.0
Fighting       | 3 |  3.2
Armour         | 1 |  1.4
Dodging        | |  2.1
Stealth        | |  0.7

Action                     |  1- 3 |  4- 6 || total
---------------------------+-------+-------++-------
   Fire: Shortbow          |    98 |    31 ||   129
    Use: Scroll            |     3 |       ||     3
 Armour: Leather armour    |     3 |       ||     3
         Ring mail         |     4 |     2 ||     6
  Dodge: Dodged            |    26 |    10 ||    36

Table legend:
 A = Non-vault XP
 B = Vault XP
 C = Vault XP percentage of total XP
 D = Non-vault monster count
 E = Vault monster count
 F = Vault count percentage of total count
                 A         B        C        D         E       F
            +---------+---------+-------+---------+---------+-------
      Total |      82 |      60 |  42.3 |      44 |      12 |  21.4
            +---------+---------+-------+---------+---------+-------
        D:1 |      60 |       0 |   0.0 |      36 |       0 |   0.0
        D:2 |      22 |      60 |  73.2 |       8 |      12 |  60.0
            +---------+---------+-------+---------+---------+-------
